 Dungeon Crawl Stone Soup version 0.18.1-48-g4cf74bf (webtiles) character file.

56299 Mesmaeker13 the Champion of Chaos (level 14, -2/116 HPs)
             Began as a Demonspawn Gladiator on Aug 9, 2016.
             Was the Champion of Makhleb.
             Slain by an azure jelly (5 damage)
             ... on level 8 of the Lair of Beasts.
             The game lasted 00:58:31 (20426 turns).

Mesmaeker13 the Champion of Chaos (DsGl)           Turns: 20426, Time: 00:58:32

Health: -2/116     AC: 29    Str: 22    XL:     14   Next: 41%
Magic:  0/24       EV: 13    Int: 15    God:    Makhleb [******]
Gold:   1186       SH:  2    Dex: 14    Spells: 0 memorised, 13 levels left

rFire  . . .     SeeInvis +     y - +10 double sword of Extinguishment {flame, Str+3 Int+4 Stlth+}
rCold  + . .     Gourm    .     N - +3 chain mail {rPois}
rNeg   . . .     Faith    .     (no shield)
rPois  +         Spirit   +     X - +1 hat {SInv}
rElec  .         Dismiss  .     F - +1 cloak
rCorr  .         Reflect  +     (no gloves)
SustAt .         Harm     .     (no boots)
MR     +....                    n - +2 amulet of reflection
Stlth  ..........               j - +3 ring of protection
                                Y - +3 ring of evasion

@: somewhat resistant to hostile enchantments, extremely unstealthy
A: hooves 2, iridescent scales 3, blurry vision 1, cold resistance 1, wild magic
1, magic shield, magic regeneration, no device heal 1
a: Minor Destruction, Lesser Servant of Makhleb, Major Destruction, Greater
Servant of Makhleb, Renounce Religion


You were on level 8 of the Lair of Beasts.
You worshipped Makhleb.
Makhleb was exalted by your worship.
You were not hungry.

You visited 3 branches of the dungeon, and saw 21 of its levels.
You also visited: Ice Cave.

You collected 1515 gold pieces.
You spent 329 gold pieces at shops.

Inventory:

Hand Weapons
 u - the +2 blowgun of Migi {speed, MR+ Str+3, unknown}
   (You found it in an ice cave)

   Attacks with this weapon are significantly faster.
   It affects your strength (+3).
   It affects your resistance to hostile enchantments.
 y - the +10 double sword of Extinguishment (weapon) {flame, Str+3 Int+4 Stlth+}
   (You acquired it on level 1 of the Lair of Beasts)

   It has been specially enchanted to burn those struck by it, causing extra
   injury to most foes and up to half again as much damage against particularly
   susceptible opponents.
   Big, fiery blades are also staple armaments of hydra-hunters.
   It affects your strength (+3).
   It affects your intelligence (+4).
   It makes you more stealthy.
Armour
 F - a +1 cloak (worn)
 N - a +3 chain mail of poison resistance (worn)
 X - a +1 hat of see invisible (worn)
Jewellery
 j - a +3 ring of protection (right hand)
 n - a +2 amulet of reflection (around neck)
 z - an uncursed ring of protection from fire
 D - an uncursed ring of protection from fire
 Y - a +3 ring of evasion (left hand)
Wands
 g - a wand of iceblast (5/15)
 h - a wand of acid (7/15)
 B - a wand of iceblast (2/15)
 C - a wand of heal wounds (6/9)
 G - a wand of teleportation (0/9)
 K - a wand of acid (8/15)
 Q - a wand of lightning (3/15)
Scrolls
 e - 3 scrolls of magic mapping
 l - 3 scrolls of enchant weapon
 o - 6 scrolls of amnesia
 v - 5 scrolls of teleportation
 w - 2 scrolls of torment
 J - 6 scrolls of remove curse
 M - 4 scrolls of blinking
 S - 2 scrolls of fear
 T - a scroll of vulnerability {unknown}
 V - 3 scrolls of noise
Potions
 b - 2 potions of cancellation {unknown}
 d - 6 potions of heal wounds {unknown}
 i - 3 potions of invisibility
 m - a potion of mutation
 q - 4 potions of flight
 r - 3 potions of lignification {unknown}
 t - a potion of brilliance {unknown}
 x - 5 potions of agility {unknown}
 H - 2 potions of might {unknown}
 I - a potion of degeneration {unknown}
 O - 2 potions of ambrosia {unknown}
 Z - 6 potions of curing
Books
 c - a book of Frost

   Spells                             Type                      Level
   a - Freeze                         Ice                          1
   b - Throw Frost                    Conjuration/Ice              2
   c - Ozocubu's Armour               Charms/Ice                   3
   d - Throw Icicle                   Conjuration/Ice              4
   e - Summon Ice Beast               Ice/Summoning                4
 p - a book of the Earth

   Spells                             Type                      Level
   a - Leda's Liquefaction            Hexes/Earth                  4
   b - Bolt of Magma                  Conjuration/Fire/Earth       5
   c - Statue Form                    Transmutation/Earth          6
   d - Iron Shot                      Conjuration/Earth            6
   e - Shatter                        Earth                        9
 L - a book of Misfortune

   Spells                             Type                      Level
   a - Confusing Touch                Hexes                        2
   b - Confuse                        Hexes                        3
   c - Gell's Gravitas                Hexes/Translocation          3
   d - Petrify                        Transmutation/Earth          4
   e - Metabolic Englaciation         Hexes/Ice                    5
   f - Yara's Violent Unravelling     Hexes/Transmutation          5
 R - a book of Fire

   Spells                             Type                      Level
   a - Ignite Poison                  Fire/Transmutation/Poison    3
   b - Fireball                       Conjuration/Fire             5
   c - Bolt of Fire                   Conjuration/Fire             6
   d - Delayed Fireball               Conjuration/Fire             7
   e - Ring of Flames                 Charms/Fire                  7
Miscellaneous
 E - a plain deck of destruction {drawn: 1}
Comestibles
 a - 3 slices of pizza
 f - 6 bread rations
 k - 3 meat rations
 s - 5 chunks of flesh
 A - a beef jerky


   Skills:
 + Level 12.6 Fighting
 + Level 12.7 Long Blades
 - Level 1.7 Throwing
 - Level 11.4 Armour
 - Level 3.6 Dodging
 + Level 14.0 Invocations
 + Level 5.2 Evocations


You had 13 spell levels left.
You didn't know any spells.

Dungeon Overview and Level Annotations

Branches:
Dungeon (12/15)            Temple (1/1) D:7            Lair (8/8) D:11
  Swamp (0/4) Lair:6        Snake (0/4) Lair:4        Slime (0/6) Lair:8
    Orc (0/2) D:11

Altars:
Ashenzari
Cheibriados
Dithmenos
Elyvilon
Fedhas
Gozag
Kikubaaqudgha
Makhleb
Nemelex Xobeh
Okawaru
Pakellas
Qazlal
Ru
Sif Muna
Trog
Vehumet
Xom
Yredelemnul
Zin
The Shining One
Jiyva

Shops:
D:5 [

Portals:
Hell: Lair:8


Innate Abilities, Weirdness & Mutations

You have hoof-like feet.
You are completely covered in iridescent scales (AC +8).
Your flesh is cold resistant.
When hurt, damage is shared between your health and your magic reserves.
You regenerate magic rapidly.
Scrolls take you a little longer to read.
Your spells are a little harder to cast, but a little more powerful.
Potions and wands are less effective at restoring your health.


Message History

The azure jelly hits you.
* * * LOW HITPOINT WARNING * * *
The azure jelly freezes you! You resist.
* * * LOW HITPOINT WARNING * * *
The azure jelly hits you but does no damage. x2
Drink which item? (? for menu, Esc to quit)
Okay, then.
Read which item? (? for menu, Esc to quit)
Okay, then.
Read which item? (? for menu, Esc to quit)
Really read with blurry vision while enemies are nearby?
The azure jelly barely misses you.
The azure jelly hits you but does no damage.
The azure jelly hits you!
* * * LOW HITPOINT WARNING * * *
The azure jelly hits you but does no damage.
You begin reading the scroll.
You continue reading the scroll.
The azure jelly hits you but does no damage. x3
The azure jelly hits you!
You die...

*,.............*,###P.P...
*,............**** ##.#...
***,....[.....#** ###....
*,*,....P.††..### #......
**,,......†...PP######..#...
*,,..#####†..PP#...........
*,,,,#...#....PP........P..
*****#>._J.................
#..l#@..........#.....
#####.†........P#.....
#P..........#..P.....
##..................P
#....................
#......#...P.PP......
##...................
##...###.P.PP....... ##.##
*...P##......


You could see an azure jelly and a komodo dragon.

Vanquished Creatures
  An azure jelly (Lair:8)
  A dire elephant (Lair:8)
  5 hydras
  A centaur warrior (D:11)
  A death yak (Lair:8)
  A sun demon (Lair:8)
  A fire crab (Lair:8)
  4 hill giants
  A deep elf mage (D:12)
  A wizard (Lair:8)
  2 griffons
  A sixfirhy (Lair:8)
  16 black mambas
  3 ice statues (IceCv)
  12 elephants
  2 orange demons (Lair:8)
  2 torpor snails (Lair:5)
  14 spiny frogs
  A hellwing (Lair:8)
  3 ice devils (Lair:8)
  11 komodo dragons
  A troll (D:11)
  2 red devils (Lair:8)
  A boulder beetle (Lair:7)
  A two-headed ogre (D:9)
  3 slime creatures (D:10)
  8 blink frogs
  A vampire (D:8)
  A shadow (D:11)
  2 wyverns
  4 basilisks
  45 yaks
  5 hippogriffs
  A steam dragon (D:10)
  A hungry ghost (D:10)
  Menkaure (D:6)
  11 water moccasins
  2 hell hounds (Lair:8)
  9 ice beasts
  7 porcupines
  A sky beast (D:8)
  9 orc warriors
  A wasp (D:10)
  An ogre (D:9)
  2 black bears
  An eye of draining (D:9)
  2 phantoms
  7 centaurs
  5 wolves (Lair:7)
  11 crocodiles
  6 big kobolds
  18 giant frogs
  A wyvern zombie (D:10)
  8 scorpions
  9 killer bees
  10 wights
  5 howler monkeys
  A wasp zombie (D:10)
  2 centaur zombies (D:10)
  4 giant frog zombies
  4 crimson imps
  2 quasits
  4 orc priests
  5 hounds
  A giant frog skeleton (D:9)
  2 centaur skeletons
  15 orc wizards
  Natasha (thrice) (D:4)
  10 iguanas
  5 hell rats (Lair:5)
  9 worker ants
  12 sheep
  A killer bee zombie (D:8)
  A hound skeleton (D:7)
  2 worker ant zombies
  A gnoll (D:2)
  A howler monkey skeleton (D:10)
  6 adders
  49 river rats
  A worker ant simulacrum (D:10)
  An adder zombie (D:6)
  5 adder skeletons
  4 worms
  2 dart slugs
  8 giant geckos
  58 orcs
  10 bats
  6 giant cockroaches
  11 goblins
  8 hobgoblins
  18 jackals
  28 kobolds
  4 quokkas
  A ball python (D:2)
  A giant gecko skeleton (D:5)
  4 giant newts
  10 rats
  A fungus (Lair:5)
  3 plants (D:11)
611 creatures vanquished.

Vanquished Creatures (collateral kills)
  An azure jelly (Lair:8)
  Snorg (Lair:5)
  An orange demon (Lair:8)
  A spiny frog (Lair:8)
  A wyvern (D:9)
  A yak (D:11)
6 creatures vanquished.

Vanquished Creatures (others)
  2 blink frogs (Lair:7)
  A yak (Lair:8)
  A centaur (Lair:4)
  A quokka (D:7)
  14 fungi
  16 plants
35 creatures vanquished.

Grand Total: 652 creatures vanquished

Notes
Turn   | Place    | Note
--------------------------------------------------------------
     0 | D:1      | Mesmaeker13 the Demonspawn Gladiator began the quest for the Orb.
     0 | D:1      | Reached XP level 1. HP: 16/16 MP: 1/1
   147 | D:1      | Gained mutation: You have large cloven feet. [demonic ancestry]
   147 | D:1      | Reached XP level 2. HP: 22/23 MP: 2/2
   621 | D:2      | Reached XP level 3. HP: 27/28 MP: 3/3
   772 | D:2      | Found a bloodstained altar of Trog.
   883 | D:2      | Found a snail-covered altar of Cheibriados.
   887 | D:2      | Found a deep blue altar of Sif Muna.
  1041 | D:2      | Found an iron altar of Okawaru.
  1183 | D:3      | Gained mutation: You are partially covered in iridescent scales (AC +4). [demonic ancestry]
  1183 | D:3      | Reached XP level 4. HP: 35/35 MP: 4/4
  1693 | D:3      | Gained mutation: You are mostly covered in iridescent scales (AC +6). [demonic ancestry]
  1693 | D:3      | Reached XP level 5. HP: 42/42 MP: 5/5
  1790 | D:3      | Found a white marble altar of Elyvilon.
  2046 | D:4      | Found a glowing golden altar of the Shining One.
  2047 | D:4      | Noticed Natasha
  2062 | D:4      | Killed Natasha
  2062 | D:4      | Reached skill level 1 in Armour
  2251 | D:4      | Noticed Natasha
  2257 | D:4      | Killed Natasha
  2519 | D:4      | Noticed Natasha
  2749 | D:4      | Killed Natasha
  2749 | D:4      | Reached XP level 6. HP: 48/48 MP: 6/6
  3362 | D:5      | Entered Level 5 of the Dungeon
  3392 | D:5      | Found Vulyiphocoekk's Armour Shoppe.
  3524 | D:5      | Noticed an orc warrior
  3540 | D:5      | Killed an orc warrior
  3540 | D:5      | Reached XP level 7. HP: 55/55 MP: 7/7
  3553 | D:5      | Reached skill level 5 in Fighting
  3986 | D:5      | Reached skill level 5 in Long Blades
  4439 | D:6      | Noticed Menkaure
  4442 | D:6      | Gained mutation: Scrolls take you a little longer to read. [potion of mutation]
  4442 | D:6      | Gained mutation: Your spells are a little harder to cast, but a little more powerful. [potion of mutation]
  4442 | D:6      | Gained mutation: Potions and wands are less effective at restoring your health. [potion of mutation]
  4454 | D:6      | Killed Menkaure
  4454 | D:6      | Gained mutation: When hurt, damage is shared between your health and your magic reserves. [demonic ancestry]
  4454 | D:6      | Reached XP level 8. HP: 33/64 MP: 8/8
  4725 | D:6      | Found a sparkling altar of Nemelex Xobeh.
  5040 | D:6      | Found a burning altar of Makhleb.
  5040 | D:6      | Noticed a green death
  5046 | D:6      | Became a worshipper of Makhleb the Destroyer
  5357 | D:5      | Bought a +3 chain mail of poison resistance for 329 gold pieces
  5807 | D:7      | Found a staircase to the Ecumenical Temple.
  5853 | D:7      | Reached skill level 1 in Invocations
  5872 | D:7      | Reached skill level 5 in Armour
  5872 | D:7      | Reached skill level 2 in Invocations
  6135 | D:7      | Reached skill level 3 in Invocations
  6445 | Temple   | Entered the Ecumenical Temple
  6758 | D:7      | Reached * piety under Makhleb
  7029 | D:8      | Reached XP level 9. HP: 71/71 MP: 11/11
  7061 | D:8      | Reached skill level 4 in Invocations
  7299 | D:8      | Found a sacrificial altar of Ru.
  7867 | D:8      | Reached skill level 5 in Invocations
  8263 | D:8      | Noticed a three-headed hydra
  8370 | D:8      | Killed a one-headed hydra
  8370 | D:8      | Reached ** piety under Makhleb
  8370 | D:8      | Reached skill level 7 in Invocations
  8685 | D:7      | Gained mutation: Your flesh is cold resistant. [demonic ancestry]
  8685 | D:7      | Reached XP level 10. HP: 77/77 MP: 15/15
  9320 | D:9      | Reached skill level 8 in Invocations
  9654 | D:9      | Reached *** piety under Makhleb
 10234 | D:9      | Reached **** piety under Makhleb
 10533 | D:10     | Entered Level 10 of the Dungeon
 10791 | D:10     | Noticed a hill giant
 10815 | D:10     | Killed a hill giant
 10815 | D:10     | Gained mutation: You regenerate magic rapidly. [demonic ancestry]
 10815 | D:10     | Reached XP level 11. HP: 49/86 MP: 6/17
 10943 | D:10     | Noticed a hill giant
 10959 | D:10     | Killed a hill giant
 11078 | D:10     | Reached ***** piety under Makhleb
 11798 | D:11     | Noticed a hill giant
 11833 | D:10     | Killed a hill giant
 11833 | D:10     | Reached skill level 10 in Long Blades
 12355 | D:11     | Found a staircase to the Lair.
 12694 | D:11     | Noticed a centaur warrior
 12715 | D:11     | Killed a centaur warrior
 12746 | D:11     | Found a staircase to the Orcish Mines.
 12997 | D:12     | Noticed a hill giant
 13017 | D:11     | Killed a hill giant
 13510 | D:12     | Noticed a deep elf mage
 13539 | D:12     | Killed a deep elf mage
 13539 | D:12     | Reached skill level 9 in Invocations
 13628 | Lair:1   | Entered Level 1 of the Lair of Beasts
 13954 | Lair:1   | Noticed a six-headed hydra
 13964 | Lair:1   | Killed a one-headed hydra
 13964 | Lair:1   | Gained mutation: You have hoof-like feet. [demonic ancestry]
 13964 | Lair:1   | Reached XP level 12. HP: 97/97 MP: 15/19
 13981 | Lair:1   | Found a shattered altar of Ashenzari.
 14028 | Lair:1   | Reached skill level 10 in Armour
 14376 | Lair:1   | Identified a scroll of acquirement
 14380 | Lair:1   | Got a dazzling double sword
 14381 | Lair:1   | Identified the +10 double sword of Extinguishment {flame, Str+3 Int+4 Stlth+} (You acquired it on level 1 of the Lair of Beasts)
 14431 | Lair:2   | Found a frozen archway.
 14443 | IceCv    | Entered an ice cave
 14506 | IceCv    | Reached skill level 10 in Fighting
 14599 | IceCv    | Got a jewelled blowgun
 14968 | Lair:2   | Reached ****** piety under Makhleb
 14968 | Lair:2   | Reached skill level 10 in Invocations
 16178 | Lair:4   | Found a staircase to the Snake Pit.
 16281 | Lair:4   | Reached skill level 11 in Invocations
 16569 | Lair:4   | Gained mutation: You are completely covered in iridescent scales (AC +8). [demonic ancestry]
 16569 | Lair:4   | Reached XP level 13. HP: 106/106 MP: 21/21
 16642 | Lair:4   | Found a snail-covered altar of Cheibriados.
 17167 | Lair:5   | Found a sacrificial altar of Ru.
 17192 | Lair:5   | Noticed Snorg
 17201 | Lair:5   | Killed Snorg
 17258 | Lair:5   | Found a snail-covered altar of Cheibriados.
 17517 | Lair:5   | Reached skill level 12 in Invocations
 18272 | Lair:6   | Found a staircase to the Swamp.
 19194 | Lair:7   | Reached skill level 1 in Evocations
 19753 | Lair:7   | Reached skill level 13 in Invocations
 19791 | Lair:8   | Entered Level 8 of the Lair of Beasts
 19975 | Lair:8   | Noticed a dire elephant
 19991 | Lair:8   | Killed a dire elephant
 19991 | Lair:8   | Reached XP level 14. HP: 115/115 MP: 21/24
 20104 | Lair:8   | Found a burning altar of Makhleb.
 20161 | Lair:8   | Found a gateway to Hell.
 20379 | Lair:8   | Found a runed door.
 20382 | Lair:8   | Noticed an azure jelly
 20382 | Lair:8   | Noticed an azure jelly
 20383 | Lair:8   | Noticed an azure jelly
 20383 | Lair:8   | Found a viscous altar of Jiyva.
 20383 | Lair:8   | Found a staircase to the Slime Pits.
 20410 | Lair:8   | Killed an azure jelly
 20410 | Lair:8   | Reached skill level 5 in Evocations
 20416 | Lair:8   | Killed an azure jelly
 20416 | Lair:8   | Reached skill level 14 in Invocations
 20425 | Lair:8   | HP: 2/116 [azure jelly (6)]
 20426 | Lair:8   | Slain by an azure jelly

Skill      XL: |  1  2  3  4  5  6  7  8  9 10 11 12 13 14 |
---------------+-------------------------------------------+-----
Dodging        | 3 |  3.6
Fighting       | 3 4 5 6 8 9 11 12 | 12.6
Long Blades    | 3 4 5 6 8 9 10 11 12 | 12.7
Armour         | 1 2 3 5 7 8 9 10 11 | 11.4
Invocations    | 3 7 8 9 11 13 14 | 14.0
Evocations     | 3 5 |  5.2
Throwing       | |  1.7

Action                   |  1- 3 |  4- 6 |  7- 9 | 10-12 | 13-15 || total
-------------------------+-------+-------+-------+-------+-------++-------
Melee: Long sword        |   138 |   241 |   514 |   674 |       ||  1567
       Kick              |    20 |    61 |   172 |   508 |   162 ||   923
       Falchion          |       |       |    54 |   581 |       ||   635
       Double sword      |       |       |       |   247 |   512 ||   759
Throw: Throwing net      |       |     1 |       |     7 |       ||     8
Invok: Lesser Servant of |       |       |       |     1 |     2 ||     3
       Greater Servant o |       |       |       |       |     1 ||     1
Evoke: Wand              |       |     3 |    10 |     6 |       ||    19
       Deck              |       |       |       |     1 |       ||     1
  Use: Scroll            |       |     2 |    12 |    10 |     2 ||    26
       Potion            |       |       |     5 |     2 |       ||     7
 Stab: Held in net/web   |       |     2 |       |       |       ||     2
       Invisible         |       |       |     2 |       |       ||     2
       Distracted        |       |       |       |       |     3 ||     3
  Eat: Chunk             |     1 |     7 |     9 |    20 |     9 ||    46
       Bread ration      |       |     1 |       |     2 |     1 ||     4
       Meat ration       |       |       |     1 |       |       ||     1
       Pizza             |       |       |       |     3 |       ||     3
       Fruit             |       |       |       |     1 |       ||     1
Armor: Leather armour    |    32 |       |       |       |       ||    32
       Ring mail         |    37 |    27 |       |       |       ||    64
       Scale mail        |       |   109 |   152 |       |       ||   261
       Chain mail        |       |       |   295 |   849 |   352 ||  1496
Dodge: Dodged            |   110 |   141 |   290 |   702 |   335 ||  1578
Block: Other             |       |       |       |    84 |    30 ||   114
       Reflection        |       |       |       |     1 |     2 ||     3
